 Dungeon Crawl Stone Soup version 0.23.0-3-gf3c87f2 (webtiles) character file.

Game seed: 998117817059900411

66 Borgoz the Sneak (level 4, -5/34 HPs)
             Began as a Ghoul Enchanter on Feb 24, 2019.
             Slain by a hobgoblin
             ... wielding a +0 club
              (6 damage)
             ... on level 1 of the Dungeon.
             The game lasted 00:03:36 (1117 turns).

Borgoz the Sneak (Ghoul Enchanter)                  Turns: 1117, Time: 00:03:37

Health: -5/34      AC:  3    Str: 11    XL:     4   Next: 15%
Magic:  6/6        EV: 18    Int: 10    God:
Gold:   99         SH:  0    Dex: 15    Spells: 4/7 levels left

rFire    . . .     SeeInvis .   a - +1 dagger
rCold    + . .     Gourm    .   (no shield)
rNeg     + + +     Faith    .   b - +0 robe
rPois    ∞         Spirit   .   h - +0 helmet
rElec    .         Reflect  .   (no cloak)
rCorr    +         Harm     .   (no gloves)
MR       .....                  (no boots)
Stlth    ++++......             (no amulet)
HPRegen  0.00/turn              j - ring of flight
MPRegen  0.10/turn              k - ring of resist corrosion

@: agile, rotting
A: rotting body, claws 1, carnivore, cold resistance 1, negative energy
resistance 3, inhibited regeneration, torment resistance, unbreathing
a: Evoke Flight


You were on level 1 of the Dungeon.
You were not hungry.

You visited 1 branch of the dungeon, and saw 2 of its levels.

You collected 99 gold pieces.

Inventory:

Hand Weapons
 a - a +1 dagger (weapon)
Armour
 b - a +0 robe (worn)
 h - a +0 helmet (worn)
Jewellery
 j - a ring of flight (left claw)
 k - a ring of resist corrosion (right claw)
Scrolls
 e - 2 scrolls of remove curse {unknown}
 f - a scroll of fog {unknown}
 i - 2 scrolls of amnesia {unknown}
 l - 2 scrolls of identify {unknown}
 m - a scroll of blinking {unknown}
 o - 2 scrolls of magic mapping {unknown}
Potions
 g - a potion of lignification
Comestibles
 d - 6 rations


   Skills:
 + Level 0.4 Fighting
 + Level 2.1 Short Blades
 + Level 2.1 Dodging
 + Level 4.1 Stealth
 + Level 2.0 Spellcasting
 + Level 2.6 Hexes


You had 4 spell levels left.
You knew the following spells:

 Your Spells              Type           Power        Failure   Level  Hunger
a - Corona                Hex            #......      11%         1    ##.....
b - Ensorcelled Hibernat  Hex/Ice        #.....       28%         2    ###....

Your spell library contained the following spells:

 Spells                   Type           Power        Failure   Level  Hunger
 Confuse                  Hex            #.......     32%         3    ####...
 Tukima's Dance           Hex            #.......     32%         3    ####...
 Dazzling Spray           Conj/Hex       #.....       50%         3    ####...


Dungeon Overview and Level Annotations

Branches:
Dungeon (2/15)

Altars:

Annotations:
D:2 Robin


Innate Abilities, Weirdness & Mutations

Your body is rotting away.
You thrive on raw meat.
You are immune to poison.
You have sharp fingernails.
You are carnivorous and can eat meat at any time.
Your flesh is cold resistant. (rC+)
You are immune to negative energy. (rN+++)
You do not regenerate when monsters are visible.
You are immune to unholy pain and torment.
You can survive without breathing.


Message History

The hobgoblin hits you with a +0 club.
* * * LOW HITPOINT WARNING * * *
The goblin completely misses you.
Okay, then.
Eat a chunk of flesh? (ye/n/q)
You eat the chunk of flesh.
This raw flesh tastes great!
The hobgoblin hits you with a +0 club.
* * * LOW HITPOINT WARNING * * *
The goblin hits you with a +0 club.
* * * LOW HITPOINT WARNING * * *
Okay, then.
Okay, then.
It was a potion of lignification.
You feel woody for a moment. The hobgoblin hits you with a +0 club.
* * * LOW HITPOINT WARNING * * *
The goblin barely misses you.
It was a potion of agility.
You feel agile all of a sudden. The hobgoblin hits you with a +0 club.
You die...

..####### #..#..#.........#
##
###.....######.#..#.###.....#
###.###.#.........#.# #.....#
....# #.#.####...##.# #####÷#
..#####.#.#.........# #.#
.................#### #.#
###########.###..# #.###
...............g.# #...#
.#....#####.####@# ###.##
.#.##.#####.# #g# #.÷##
......#...#.# #.# ##...
.#....#.#.#.# #.# ####
.#........#.# #.#
.#......###.# #.#
.#.########.# #.#
.#..........# #.#
###########.####.#


You could see a hobgoblin and a goblin.

Vanquished Creatures
  An ooze (D:1)
  2 dart slugs (D:1)
  4 bats
  3 giant cockroaches (D:1)
  15 goblins
  8 hobgoblins
  8 jackals (D:1)
  2 frilled lizards
  3 rats (D:1)
46 creatures vanquished.

Notes
Turn   | Place    | Note
-------+----------+-------------------------------------------
     0 | D:1      | Borgoz the Ghoul Enchanter began the quest for the Orb.
     0 | D:1      | Reached XP level 1. HP: 14/14 MP: 2/2
    65 | D:1      | Reached skill level 1 in Short Blades
    65 | D:1      | Reached XP level 2. HP: 2/20 MP: 3/3
   233 | D:1      | Reached XP level 3. HP: 22/27 MP: 3/5
   545 | D:1      | Learned a level 2 spell: Ensorcelled Hibernation
  1008 | D:2      | Noticed Robin
  1043 | D:1      | Reached XP level 4. HP: 25/34 MP: 6/6
  1045 | D:1      | Reached skill level 4 in Stealth
  1116 | D:1      | HP: 1/34 [hobgoblin/+0 club (4)]
  1117 | D:1      | Slain by a hobgoblin

Skill      XL: |  1  2  3  4 |
---------------+-------------+-----
Short Blades   | 1 2 |  2.1
Spellcasting   | 2 |  2.0
Dodging        | 2 |  2.1
Stealth        | 4 |  4.1
Fighting       | |  0.4
Hexes          | |  2.6

Action                   |  1- 3 |  4- 6 || total
-------------------------+-------+-------++-------
Melee: Dagger            |   157 |    39 ||   196
 Cast: Corona            |     1 |       ||     1
  Use: Potion            |       |     2 ||     2
 Stab: Sleeping          |     4 |       ||     4
  Eat: Chunk             |    19 |     9 ||    28
Armor: Robe              |    38 |     6 ||    44
Dodge: Dodged            |   102 |    38 ||   140
